 Dungeon Crawl Stone Soup version 0.30.1 (webtiles) character file.

Game seed: 16221706681688745398

87 Descartes the Shield-Bearer (level 4, -4/37 HPs)
             Began as a Formicid Fighter on July 9, 2023.
             Slain by Sigmund
             ... wielding a +0 scythe
              (12 damage)
             ... on level 2 of the Dungeon.
             The game lasted 00:02:32 (1301 turns).

Descartes the Shield-Bearer (Formicid Fighter)      Turns: 1301, Time: 00:02:32

Health: -4/37      AC:  0    Str: 20    XL:     4   Next: 80%
Magic:  5/5        EV: 17    Int: 10    God:
Gold:   51         SH:  0    Dex: 18    Spells: 5/5 levels left

rFire   . . .        a - melded +0 war axe
rCold   . . .        c - melded +0 buckler
rNeg    . . .        b - melded +0 scale mail
rPois   .            (helmet unavailable)
rElec   .            (cloak currently unavailable)
rCorr   .            (gloves currently unavailable)
SInv    .            (boots currently unavailable)
Will    .....        (no amulet)
Stlth   ++           i - melded +4 ring of slaying
HPRegen 0.26/turn    j - melded +6 ring of dexterity
MPRegen 0.09/turn

%: no passive effects
@: bat-form, flying, very quick
A: fast, flying, no casting, permanent stasis, dig shafts and tunnels, tiny,
(antennae 3), four strong arms
a: no special abilities


You were on level 2 of the Dungeon.
You were a bat.
You visited 1 branch of the dungeon, and saw 2 of its levels.

You collected 51 gold pieces.

Inventory:

Hand Weapons
 a - a +0 war axe (melded)
Armour
 b - a +0 scale mail (melded)
 c - a +0 buckler (melded)
Jewellery
 i - a +4 ring of slaying (melded)
 j - a +6 ring of dexterity (melded)
Scrolls
 e - a scroll of identify {unknown}
 g - a scroll of summoning {unknown}
 h - a scroll of amnesia {unknown}
Potions
 d - 2 potions of might
 f - a potion of curing {unknown}


   Skills:
 + Level 3.7 Fighting
 + Level 2.4 Axes
 + Level 3.5 Armour
 + Level 4.3 Shields
 + Level 1.0 Spellcasting
 * Level 2.3 Earth Magic
 + Level 1.2 Evocations


You had 5 spell levels left.
You didn't know any spells.
Your spell library contained the following spells:

 Spells                   Type           Power      Damage    Failure   Level
 Magic Dart               Conj           0%         1d3       34%         1
 Necrotise                Necr           0%         1d4       34%         1
 Searing Ray              Conj           0%         2d4       45%         2
 Vampiric Draining        Necr           0%         2d6       71%         3
 Fulminant Prism          Conj/Hex       0%         3d5       98%         4
 Borgnjor's Vile Clutch   Necr/Erth      1%         N/A       99%         5
 Agony                    Necr           0%         N/A       100%        5
 Alistair's Intoxication  Tmut/Pois      0%         N/A       100%        5
 Eringya's Noxious Bog    Tmut/Pois      0%         N/A       100%        6


Dungeon Overview and Level Annotations

Branches:
Dungeon (2/15)

Altars:

Shops:
D:1 :

Annotations:
D:2 Sigmund


Innate Abilities, Weirdness & Mutations

You are a bat.
You are tiny and dextrous.
You move quickly.
You are flying.
Your equipment is almost entirely melded.
You are incapable of wielding weapons or throwing items.
You cannot cast spells.
You cannot be hasted, slowed, berserked, paralysed or teleported.
You can dig through walls and to a lower floor.
((You have a pair of large antennae on your head. (SInv)))
Your four strong arms can wield two-handed weapons with a shield.


Message History

You cannot move.
You cannot move.
You cannot move.
Sigmund hits you but does no damage.
Your transformation is almost over.
Sigmund mumbles some strange words.
Sigmund flickers and vanishes!
Deactivating autopickup; reactivate with Ctrl-A.
You hear some strange, mumbled words.
A puff of flame appears from out of thin air!
The puff of flame hits you but does no damage.
Something hits you but does no damage. Something hits you.
Something hits you but does no damage. Something hits you!
Something hits you but does no damage.
You feel less wooden.
Your +0 scale mail unmelds from your body.
Sigmund hits you from afar with a +0 scythe.
You block Sigmund's attack. You block Sigmund's attack.
Sigmund zaps a wand.
You resist with some effort. Sigmund gestures at you while chanting.
The magic dart hits you. You block Sigmund's attack.
Sigmund casts a spell at you. The puff of flame hits you!
Sigmund zaps a wand.
You turn into a bat.
Your +0 war axe melds into your body.
Your +0 buckler melds into your body.
Your +0 scale mail melds into your body.
Your +4 ring of slaying melds into your body.
Your +6 ring of dexterity melds into your body.
You feel clumsy.
You hit something but do no damage.
You hear some strange, mumbled words.
A puff of flame appears from out of thin air!
The puff of flame hits you!
* * * LOW HITPOINT WARNING * * *
Something hits you!
You die...

.....##......#########.†......#..
....##..####.########..)......).#
.†.....#####.#....(....###.......
..)..##........###÷)#### #......#
###.###.####.......## #......#
##......##.....##### ########
.....###...###.### ..######.###
#...# ....##...# ###b########
..#....###### #..{......
#####.......# ####..........##
###...#####... .......^..##
#...### ...........# ..###
.......$...# ### .......g...# #
.........@.# # ...<.......#


There were no monsters in sight!

Vanquished Creatures
  2 adders (D:2)
  A worm (D:2)
  5 ball pythons
  2 bats (D:2)
  5 endoplasms
  6 giant cockroaches
  8 goblins
  11 hobgoblins
  3 quokkas
  3 frilled lizards
  4 kobolds
  10 rats
60 creatures vanquished.

Notes
Turn   | Place    | Note
-------+----------+-------------------------------------------
     0 | D:1      | Descartes the Formicid Fighter began the quest for the Orb.
     0 | D:1      | Reached XP level 1. HP: 18/18 MP: 1/1
    76 | D:1      | Reached XP level 2. HP: 9/24 MP: 2/2
   146 | D:1      | Reached skill level 1 in Earth Magic
   146 | D:1      | Found Roukeari's Vocational Training.
   228 | D:1      | Reached XP level 3. HP: 29/29 MP: 3/3
   655 | D:2      | Noticed Sigmund
   826 | D:2      | Reached skill level 1 in Evocations
   826 | D:2      | Reached XP level 4. HP: 24/35 MP: 3/5
   916 | D:2      | Reached skill level 1 in Spellcasting
  1301 | D:2      | Slain by Sigmund

Illustrated notes

Levels and vault maps discovered:
D:1:      psy_arrival_conway, layout_rooms, nicolae_shop_vocational
D:2:      layout_rooms, reono_crystal_passage, minmay_worlds_worst_comb,
          uniq_sigmund

Skill      XL: |  1  2  3  4 |
---------------+-------------+-----
Earth Magic    | 1 2 |  2.3
Evocations     | 1 |  1.2
Spellcasting   | 1 |  1.0
Fighting       | |  3.7
Axes           | |  2.4
Armour         | |  3.5
Shields        | |  4.3

Action                     |  1- 3 |  4- 6 || total
---------------------------+-------+-------++-------
  Melee: War axe           |    81 |    41 ||   122
         Unarmed           |       |     1 ||     1
 Armour: Scale mail        |    43 |    14 ||    57
         Skin              |       |     7 ||     7
  Dodge: Dodged            |    47 |    15 ||    62
  Block: Buckler           |    21 |    12 ||    33
